AoeStats
← BIG Q

Golden Pit

508279942Analyzed
1v1 RM · 11d ago on Sep 21, 2026· 30m 34s· 2 players
Game mode
Random Map
Map size
Tiny (2 player)
Population
200
Speed
Normal
Resources
Standard
Victory
Conquest
Starting age
Dark Age
Ending age
Imperial Age
RankedLock teamsTeams togetherTeam positionsShared explorationLock speedFull tech treeHidden civsTurbo modeCheats
Victory
Defeat
🇺🇸 Italians · United States
992
+15
🇲🇽 Romans · Mexico
971
-15
MKNT | Sr. MnKo
9:20 Feudal Age
8:27 Loom
12:13 Man-at-Arms
18:24 Scale Mail Armor
18:53 Double-Bit Axe
22:55 Fletching
32:30 Castle Age
BIG Q
5:12 Loom
8:02 Loom
9:55 Feudal Age
10:57 Double-Bit Axe
15:01 Fletching
19:03 Horse Collar
23:40 Castle Age
24:15 Padded Archer Armor
24:00 Crossbowman
26:20 Bodkin Arrow
Connection lost

Rejoining the realm…

Still unreachable

The connection could not be restored.

Session expired

The server has moved on; the page needs a fresh start.